 Dungeon Crawl Stone Soup version 0.19.0-2-gae57169 (webtiles) character file.

8069 Jerry the Nimble (level 11, -3/70 HPs)
             Began as an Octopode Monk on Nov 5, 2016.
             Was an Elder of Cheibriados.
             Slain by a komodo dragon (12 damage)
             ... on level 9 of the Dungeon.
             The game lasted 00:53:45 (9227 turns).

Jerry the Nimble (Octopode Monk)                    Turns: 9227, Time: 00:53:45

Health: -3/70      AC:  7    Str: 20    XL:     11   Next: 25%
Magic:  0/11       EV: 22    Int: 27    God:    Cheibriados [****..]
Gold:   445        SH: 13    Dex: 26    Spells: 2 memorised, 6 levels left

rFire  + . .     SeeInvis .       - Unarmed
rCold  + . .     Gourm    .     p - +0 shield
rNeg   . . .     Faith    .     d - +1 hat
rPois  +         Spirit   +     l - amulet of guardian spirit
rElec  .         Reflect  .     h - +5 ring of protection
rCorr  .         Harm     .     o - ring of stealth
MR     .....                    D - ring of poison resistance
Stlth  ++++++....               J - ring of flight
                                K - +4 ring of intelligence
                                (no ring)
                                (no ring)
                                (no ring)

@: very slow
A: almost no armour, stealthy swim, amphibious, 8 rings, constrict 8, camouflage
1, cold resistance 1, deterioration 1, fire resistance 1, slow regeneration 1,
weak 1, gelatinous body 1
a: Bend Time, Temporal Distortion, Slouch, Renounce Religion, Evoke Flight


You were on level 9 of the Dungeon.
You worshipped Cheibriados.
Cheibriados was greatly pleased with you.
You were not hungry.

You visited 2 branches of the dungeon, and saw 10 of its levels.
You also visited: Ossuary.

You collected 445 gold pieces.

Inventory:

Hand Weapons
 g - a +0 hunting sling of flaming
Missiles
 f - a throwing net (quivered)
 t - 37 sling bullets
Armour
 d - a +1 hat (worn)
 p - a +0 shield (worn)
Jewellery
 h - a +5 ring of protection (left tentacle)
 l - an amulet of guardian spirit (around mantle)
 o - a ring of stealth (right tentacle)
 D - a ring of poison resistance (on tentacle)
 J - a ring of flight (on tentacle)
 K - a +4 ring of intelligence (on tentacle)
Wands
 E - a wand of flame (48/48)
Scrolls
 j - a scroll of enchant armour {unknown}
 q - a scroll of immolation
 r - 2 scrolls of identify
 y - a scroll of teleportation
 F - a scroll of recharging
 I - 3 scrolls of random uselessness {unknown}
Potions
 c - a potion of flight
 e - 5 potions of curing
 m - 5 potions of brilliance {unknown}
 w - a potion of lignification
 x - 3 potions of degeneration {unknown}
 z - 2 potions of berserk rage {unknown}
 A - a potion of cancellation
 G - a potion of beneficial mutation {unknown}
 M - a potion of resistance {unknown}
Books
 s - a book of Cantrips

   Spells                             Type                      Level
   a - Confusing Touch                Hexes                        1
   b - Animate Skeleton               Necromancy                   1
   c - Summon Small Mammal            Summoning                    1
   d - Apportation                    Translocation                1
 u - a book of Spatial Translocations

   Spells                             Type                      Level
   a - Blink                          Translocation                2
   b - Shroud of Golubria             Charms/Translocation         2
   c - Lesser Beckoning               Translocation                3
   d - Portal Projectile              Translocation                3
   e - Teleport Other                 Translocation                3
   f - Passage of Golubria            Translocation                4
 H - a book of Flames

   Spells                             Type                      Level
   a - Flame Tongue                   Conjuration/Fire             1
   b - Throw Flame                    Conjuration/Fire             2
   c - Conjure Flame                  Conjuration/Fire             3
   d - Inner Flame                    Hexes/Fire                   3
   e - Sticky Flame                   Conjuration/Fire             4
   f - Fireball                       Conjuration/Fire             5
Comestibles
 a - 9 bread rations
 b - 2 chunks of flesh
 i - 4 meat rations
 n - a slice of pizza
 v - 2 royal jellies
 L - a beef jerky


   Skills:
 - Level 4.6 Fighting
 - Level 10.0 Dodging
 - Level 6.1 Stealth
 + Level 9.2 Shields
 + Level 9.9 Unarmed Combat
 + Level 0.4 Invocations


You had 6 spell levels left.
You knew the following spells:

 Your Spells              Type           Power        Failure   Level  Hunger
a - Blink                 Tloc           N/A          38%         2    ###....
b - Shroud of Golubria    Chrm/Tloc      #.........   38%         2    ###....


Dungeon Overview and Level Annotations

Branches:
Dungeon (9/15)             Temple (1/1) D:5            Lair (0/6) D:9
    Orc: D:9-12

Altars:
Ashenzari
Cheibriados
Dithmenos
Elyvilon
Fedhas
Gozag
Hepliaklqana
Kikubaaqudgha
Makhleb
Nemelex Xobeh
Okawaru
Qazlal
Ru
Sif Muna
Trog
Uskayaw
Vehumet
Xom
Yredelemnul
Zin

Shops:
D:6 %(*   D:8 *


Innate Abilities, Weirdness & Mutations

You cannot wear most types of armour.
You are very stealthy in the water. (Stealth+)
You are amphibious.
You can wear up to eight rings at the same time.
You can use your tentacles to constrict eight enemies at once.
Your skin changes colour to match your surroundings (Stealth+).
Your rubbery body absorbs attacks. (AC +1, EV +1)
Your flesh is cold resistant. (rC+)
Your body sometimes deteriorates upon taking damage.
Your flesh is heat resistant. (rF+)
You regenerate slowly when monsters are visible.
You are weak. (Str -2)


Message History

* * * LOW HITPOINT WARNING * * *
Okay, then.
As you read the scroll of fear, it crumbles to dust.
You assume a fearsome visage.
The komodo dragon looks frightened!
The komodo dragon bites the plant!!
The komodo dragon bites the plant!
Cornered, the komodo dragon turns to fight!
There is a staircase to the Lair here.
You tentacle-slap the komodo dragon but do no damage.
The komodo dragon is heavily wounded.
You bludgeon the komodo dragon!
The komodo dragon is severely wounded.
You block the komodo dragon's attack.
You barely miss the komodo dragon.
You tentacle-slap the komodo dragon, but do no damage.
The komodo dragon is severely wounded.
The komodo dragon closely misses you.
You tentacle-slap the komodo dragon.
The komodo dragon is severely wounded.
The komodo dragon bites you!
You die...

#.......#
#.......#
#.......##
####.....###
##......PP.##
#......PP.PP#
#.....P.P.PPPP#
#....PPPP..PPP#
##.P.PPP..@.PP#


##PPPPPP.l.PP# ##PPPPPPPPP## ########### You could see a komodo dragon.

Vanquished Creatures
  A hill giant (D:8)
  A kobold demonologist (D:9)
  Prince Ribbit (D:5)
  A hippogriff (D:3)
  A spriggan (D:8)
  Sigmund (D:6)
  6 yaks (D:4)
  Eustachio (D:6)
  A water moccasin (D:8)
  Menkaure (D:5)
  Duvessa (D:5)
  A black bear (D:6)
  3 orc warriors
  3 ice beasts
  A phantom (D:5)
  4 sky beasts
  6 ogres
  A centaur (D:7)
  21 big kobolds (D:9)
  A crocodile (D:7)
  Blork the orc (D:6)
  2 bullfrogs (D:7)
  Dowan (D:5)
  A wyvern skeleton (D:7)
  3 water moccasin zombies (Ossuary)
  2 scorpions
  A crimson imp (D:5)
  A centaur zombie (D:6)
  4 hounds
  7 orc priests
  2 centaur skeletons
  16 orc wizards
  2 bullfrog skeletons
  3 iguanas
  5 worker ants
  3 big kobold zombies (Ossuary)
  2 hound zombies (D:5)
  A hound skeleton (D:7)
  3 mummies
  6 gnolls
  17 adders
  3 shadow imps
  An ooze (D:2)
  8 adder zombies
  3 worms
  3 dart slugs
  5 leopard geckos
  30 orcs
  6 giant cockroaches
  6 gnoll zombies (Ossuary)
  7 goblins
  10 hobgoblins
  4 jackals (D:5)
  3 quokkas
  2 ball pythons
  8 bats
  3 frilled lizards
  A hobgoblin zombie (Ossuary)
  14 kobolds
  4 kobold zombies (Ossuary)
  6 orc zombies (Ossuary)
  8 rats
275 creatures vanquished.

Vanquished Creatures (others)
  A plant (D:9)
1 creature vanquished.

Grand Total: 276 creatures vanquished

Notes
Turn   | Place    | Note
-------+----------+-------------------------------------------
     0 | D:1      | Jerry the Octopode Monk began the quest for the Orb.
     0 | D:1      | Reached XP level 1. HP: 16/16 MP: 1/1
     9 | D:1      | You fall through a shaft!
    16 | D:2      | Reached XP level 2. HP: 20/21 MP: 2/2
   277 | D:1      | Reached XP level 3. HP: 12/26 MP: 3/3
  1077 | D:2      | Reached XP level 4. HP: 18/31 MP: 2/4
  1247 | D:2      | Found an ancient bone altar of Kikubaaqudgha.
  1667 | D:2      | Reached skill level 1 in Shields
  1891 | D:3      | Noticed a hippogriff
  2080 | D:3      | Reached XP level 5. HP: 37/37 MP: 5/5
  2081 | D:3      | Reached skill level 4 in Dodging
  2326 | D:3      | Gained mutation: Your body sometimes deteriorates upon taking damage. [potion of mutation]
  2326 | D:3      | Gained mutation: You are weak. (Str -2) [potion of mutation]
  2326 | D:3      | Gained mutation: Your flesh is cold resistant. (rC+) [potion of mutation]
  2350 | D:3      | Killed a hippogriff
  2350 | D:3      | Reached XP level 6. HP: 10/44 MP: 0/6
  3038 | D:4      | Reached XP level 7. HP: 29/49 MP: 5/7
  3335 | D:4      | Reached skill level 5 in Dodging
  3335 | D:4      | Reached skill level 5 in Unarmed Combat
  3550 | D:4      | Found a sand-covered staircase.
  3559 | Ossuary  | Entered an ossuary
  4008 | Ossuary  | Reached XP level 8. HP: 53/54 MP: 8/8
  4085 | Ossuary  | Learned a level 2 spell: Blink
  4088 | Ossuary  | Learned a level 2 spell: Shroud of Golubria
  4304 | D:4      | Noticed a yak
  4323 | D:4      | Noticed a yak
  4331 | D:4      | Noticed a yak
  4333 | D:4      | Noticed a yak
  4350 | D:4      | Killed a yak
  4350 | D:4      | Reached skill level 6 in Dodging
  4351 | D:4      | Noticed a yak
  4352 | D:4      | Noticed a yak
  4387 | D:5      | Entered Level 5 of the Dungeon
  4387 | D:5      | Noticed Menkaure
  4395 | D:5      | Killed Menkaure
  4580 | D:5      | Found a shadowy altar of Dithmenos.
  4589 | D:5      | Reached skill level 5 in Stealth
  4611 | D:5      | Gained mutation: Your flesh is heat resistant. (rF+) [potion of mutation]
  4611 | D:5      | Gained mutation: You regenerate slowly when monsters are visible. [potion of mutation]
  4914 | D:5      | Reached skill level 5 in Shields
  5032 | D:5      | Noticed Duvessa
  5032 | D:5      | Noticed Dowan
  5040 | D:5      | Killed Duvessa
  5047 | D:5      | Killed Dowan
  5047 | D:5      | Reached XP level 9. HP: 40/59 MP: 4/9
  5480 | D:5      | Noticed Prince Ribbit
  5503 | D:5      | Killed Prince Ribbit
  5716 | D:5      | Found a staircase to the Ecumenical Temple.
  5723 | Temple   | Entered the Ecumenical Temple
  5916 | Temple   | Became a worshipper of Cheibriados the Contemplative
  5916 | Temple   | Reached * piety under Cheibriados
  5916 | Temple   | Reached ** piety under Cheibriados
  5987 | D:5      | Reached skill level 7 in Dodging
  6125 | D:6      | Found Ediem's Weapon Shop.
  6234 | D:6      | Found Xuch's Assorted Antiques.
  6282 | D:6      | Noticed Sigmund
  6290 | D:6      | Killed Sigmund
  6466 | D:6      | Noticed Eustachio
  6471 | D:6      | Killed Eustachio
  6483 | D:6      | Noticed Blork the orc
  6490 | D:6      | Killed Blork the orc
  6594 | D:6      | Found a sparkling altar of Nemelex Xobeh.
  6628 | D:6      | Found Gakarof's Food Shop.
  7320 | D:7      | Reached *** piety under Cheibriados
  7320 | D:7      | Reached skill level 8 in Dodging
  7342 | D:7      | Reached XP level 10. HP: 64/65 MP: 10/10
  8100 | D:8      | Reached **** piety under Cheibriados
  8278 | D:8      | Found Sitappul's Assorted Antiques.
  8278 | D:8      | Noticed a hill giant
  8300 | D:8      | Reached skill level 9 in Dodging
  8326 | D:8      | Killed a hill giant
  8678 | D:4      | HP: 1/65 [yak (17)]
  9087 | D:9      | Noticed a kobold demonologist
  9091 | D:9      | Reached XP level 11. HP: 70/70 MP: 11/11
  9118 | D:9      | Reached skill level 10 in Dodging
  9202 | D:9      | Found a staircase to the Lair.
  9227 | D:9      | Slain by a komodo dragon

Skill      XL: |  1  2  3  4  5  6  7  8  9 10 11 |
---------------+----------------------------------+-----
Shields        | 1 2 3 5 7 8 9 |  9.2
Dodging        | 4 5 6 8 9 10 | 10.0
Fighting       | 4 |  4.6
Unarmed Combat | 4 5 6 8 9 |  9.9
Stealth        | 3 5 6 |  6.1
Invocations    | |  0.4

Action                   |  1- 3 |  4- 6 |  7- 9 | 10-12 || total
-------------------------+-------+-------+-------+-------++-------
Melee: Unarmed           |    46 |   139 |   395 |   248 ||   828
       Constrict         |    15 |    40 |    81 |    52 ||   188
       Tentacles         |     8 |    28 |    91 |    95 ||   222
       Punch             |     2 |     3 |    19 |    33 ||    57
 Fire: Hunting sling     |       |    10 |       |     9 ||    19
Throw: Throwing net      |       |     1 |       |     2 ||     3
Invok: Bend Time         |       |       |     3 |     5 ||     8
       Slouch            |       |       |       |     1 ||     1
  Use: Potion            |       |     5 |     2 |     2 ||     9
       Scroll            |       |     4 |    12 |     2 ||    18
 Stab: Sleeping          |     7 |     6 |    20 |     7 ||    40
       Distracted        |       |       |     1 |     1 ||     2
       Held in net/web   |       |       |       |     2 ||     2
  Eat: Chunk             |       |     6 |    12 |     5 ||    23
Armor: Skin              |     1 |    23 |    40 |    23 ||    87
Dodge: Dodged            |    40 |   105 |   224 |   179 ||   548
Block: Shield            |       |       |       |     7 ||     7
